 Dungeon Crawl Stone Soup version 0.29-a0-266-gf56f883ddd (webtiles) character file.

Game seed: 11925703414886619105

324 drugrobin the Chopper (level 6, -2/50 HPs)
             Began as a Demigod Fighter on Mar 6, 2022.
             Killed from afar by a rakshasa (16 damage)
             ... with a lance of force
             ... on level 1 of the Abyss.
             The game lasted 00:07:56 (3223 turns).

drugrobin the Chopper (Demigod Fighter)             Turns: 3223, Time: 00:07:57

Health: -2/50      AC:  8    Str: 25    XL:     6   Next: 2%
Magic:  8/8        EV:  7    Int: 10    God:
Gold:   36         SH:  4    Dex: 13    Spells: 5/5 levels left

rFire   . . .      SeeInvis .   b - +0 hunting sling
rCold   . . .      Faith    .   c - +0 buckler
rNeg    . . .      Spirit   .   d - +0 chain mail
rPois   .          Reflect  .   (no helmet)
rElec   .          Harm     .   (no cloak)
rCorr   .          Rampage  .   (no gloves)
Will    .....                   (no boots)
Stlth   ..........              (no amulet)
HPRegen 0.16/turn               (no ring)
MPRegen 0.11/turn               (no ring)

@: about to teleport
A: high MP 1, forlorn, divine attributes
a: no special abilities


You were on level 1 of the Abyss.
You visited 1 branch of the dungeon, and saw 4 of its levels.
You visited the Abyss 1 time.

You collected 187 gold pieces.
You spent 151 gold pieces at shops.

Inventory:

Hand Weapons
 a - a +1 vampiric hand axe
 b - a +0 hunting sling (weapon)
 g - a +0 war axe
Missiles
 f - 2 poisoned darts
 o - 4 boomerangs
Armour
 c - a +0 buckler (worn)
 d - a +0 chain mail (worn)
Scrolls
 e - a scroll of identify
 h - a scroll of noise {unknown}
 i - 2 scrolls of teleportation
 l - a scroll of vulnerability {unknown}
 m - a scroll of fear {unknown}
 n - a scroll of amnesia {unknown}
 p - a scroll of fog
 s - a scroll of summoning {unknown}
Potions
 j - a potion of lignification
 k - 3 potions of curing
 q - a potion of brilliance {unknown}
 r - a potion of invisibility {unknown}
 t - 2 potions of heal wounds


   Skills:
 - Level 2.6 Fighting
 + Level 6.1 Axes
 - Level 2.6 Armour
 - Level 2.6 Shields


You had 5 spell levels left.
You didn't know any spells.
Your spell library contained the following spells:

 Spells                   Type           Power      Damage    Failure   Level
 Magic Dart               Conj           0%         1d3       98%         1
 Searing Ray              Conj           0%         2d4       99%         2
 Fulminant Prism          Conj/Hex       0%         3d6       100%        4


Dungeon Overview and Level Annotations

Branches:
Dungeon (4/15)
 Temple: D:4-7

Shops:
D:2 *(*

Annotations:
D:3 Eustachio


Innate Abilities, Weirdness & Mutations

You have an increased reservoir of magic. (+10% MP)
You shall have no god before yourself.
Your divine heritage dramatically boosts your attributes as you level up.


Message History

There is a stone staircase leading down here.
You start resting.
HP restored.
There is a stone staircase leading down here.
You climb downwards.
Level annotation: Eustachio
There is a stone staircase leading up here.
Unknown command.
Eustachio shouts!
There is a stone staircase leading up here.
Unknown command.
Eustachio screams, "At last I'll have my revenge!"
Eustachio completely misses you.
You climb upwards.
There is a stone staircase leading down here.
Unknown command.
Eustachio attacks as you move away!
Eustachio hits you with a +1 rapier of distortion.
You are cast into the Abyss!
This branch contains the abyssal rune of Zot.
Unknown command.
There is an empty arch of ancient stone here.
A chaos spawn comes into view.
The chaos spawn gives a loud, deep croak!
A rakshasa comes into view. It is wielding a +0 trident.
An orange demon comes into view.
The orange demon screeches!
The rakshasa hits you from afar with a +0 trident!
As you read the scroll of teleportation, it crumbles to dust.
You feel strangely unstable.
You feel the power of the Abyss delaying your translocation!
The rakshasa hits you from afar with a +0 trident!
Unknown command.
Unknown command.
The rakshasa hits you from afar with a +0 trident!
* * * LOW HITPOINT WARNING * * *
Unknown command.
The rakshasa gestures at you. The lance of force hits you!
You die...

. #. # ....###
..#.###
######...4.
######....##..##
#..@...4........
#.....R.#.##....
###....4..# ##..
#♣........##.
#≈##....#..# #
##..........
###..####.. #
#.## .#


You could see a rakshasa, an orange demon and a chaos spawn.

Vanquished Creatures
  A bullfrog (D:3)
  A scorpion (D:4)
  An orc priest (D:3)
  A jelly (D:4)
  An orc wizard (D:3)
  3 adders
  An ufetubus (D:3)
  2 worms (D:3)
  A dart slug (D:3)
  10 orcs (D:3)
  4 ball pythons
  8 bats
  5 endoplasms
  A giant cockroach (D:2)
  5 goblins
  4 hobgoblins
  7 jackals (D:1)
  3 kobolds
  A quokka (D:1)
  7 frilled lizards
  4 rats
71 creatures vanquished.

Notes
Turn   | Place    | Note
-------+----------+-------------------------------------------
     0 | D:1      | drugrobin the Demigod Fighter began the quest for the Orb.
     0 | D:1      | Reached XP level 1. HP: 18/18 MP: 3/3
   107 | D:1      | Reached skill level 2 in Axes
   210 | D:1      | Reached XP level 2. HP: 24/25 MP: 4/4
   345 | D:1      | Reached skill level 3 in Axes
   766 | D:2      | Found Ajetul's General Store.
   769 | D:2      | Found Beollu's Antique Weapon Emporium.
   774 | D:2      | Bought a potion of degeneration for 11 gold pieces
   884 | D:2      | Found Qamixkim's General Store.
   904 | D:2      | Reached XP level 3. HP: 20/30 MP: 5/5
  1014 | D:2      | Bought a potion of curing for 42 gold pieces
  1789 | D:3      | Reached skill level 4 in Axes
  1927 | D:3      | Reached XP level 4. HP: 27/37 MP: 6/6
  2095 | D:2      | Bought a potion of heal wounds for 70 gold pieces
  2095 | D:2      | Bought a scroll of fog for 28 gold pieces
  2123 | D:3      | Noticed a bullfrog
  2138 | D:3      | Killed a bullfrog
  2139 | D:3      | Reached skill level 5 in Axes
  2139 | D:3      | Reached XP level 5. HP: 41/42 MP: 7/7
  2840 | D:4      | Reached skill level 6 in Axes
  2840 | D:4      | Reached XP level 6. HP: 46/50 MP: 8/8
  2927 | D:4      | Noticed Eustachio
  3125 | D:3      | Cast into level 1 of the Abyss (Eustachio)
  3208 | Abyss:1  | Noticed a chaos spawn
  3215 | Abyss:1  | Noticed a rakshasa
  3219 | Abyss:1  | Noticed an orange demon
  3223 | Abyss:1  | Killed from afar by a rakshasa

Illustrated notes

Levels and vault maps discovered:
D:1:      heliophobic_arrival_glass_houses, layout_rooms,
          shapermc_ecumenical_altar_petra, glass_columns_a
D:2:      layout_basic, serial_shops, shop, shop,
          nicolae_shop_temple_entry_statues_fountains, basic_altar,
          grunt_decor_junction
D:3:      layout_basic, mainiacjoe_overflow_chevrons,
          minmay_randomly_rotated_circles
D:4:      nicolae_cairo_tiling, layout_basic, kiku_gazebo_pond_becter,
          minmay_overflow_temple_star_quad, uniq_pikel, uniq_natasha,
          uniq_blork_the_orc, uniq_eustachio
Abyss:1:  base: D:1, evilmike_abyss_exit_16

Skill      XL: |  1  2  3  4  5 |
---------------+----------------+-----
Axes           | 2 3 4 5 6 |  6.1
Fighting       | |  2.6
Armour         | |  2.6
Shields        | |  2.6

Action                   |  1- 3 |  4- 6 || total
-------------------------+-------+-------++-------
Melee: War axe           |    52 |       ||    52
       Hand axe          |   138 |    76 ||   214
Throw: Dart              |     2 |     2 ||     4
       Boomerang         |       |     4 ||     4
  Use: Potion            |     1 |       ||     1
       Scroll            |       |     3 ||     3
Armor: Scale mail        |    70 |     2 ||    72
       Chain mail        |       |    30 ||    30
Dodge: Dodged            |    86 |    27 ||   113
Block: Buckler           |    39 |    16 ||    55

Table legend: (Time is in decaauts)
 A = Elapsed time spent in this place.
 B = Non-inter-level travel time spent in this place.
 C = Inter-level travel time spent in this place.
 D = Time resting spent in this place.
 E = Time spent auto-exploring this place.
 F = Levels seen in this place.
 G = Mean time per level.
                   A        B        C        D        E       F      G
               +--------+--------+--------+--------+--------+-----+--------+
         Total |   3275 |   3168 |    107 |    175 |   1996 |   5 |  655.0 |
       Dungeon |   3177 |   3070 |    107 |    175 |   1996 |   4 |  794.2 |
         Abyss |     97 |     97 |      0 |      0 |      0 |   1 |   97.0 |
               +--------+--------+--------+--------+--------+-----+--------+

Top non-repeatable levels by time:
     D:3: 1237 daAuts
     D:2: 824 daAuts
     D:1: 768 daAuts
     D:4: 346 daAuts
 Abyss:1: 97 daAuts
